 Dungeon Crawl Stone Soup version 0.27-a0-1546-ge6b0c8b (webtiles) character file.

Game seed: 10446594970923297625

1628 Illumine the Skirmisher (level 8, 0/87 HPs)
             Began as an Ogre Fighter on July 13, 2021.
             Was a Believer of Cheibriados.
             Slain by a phantom (6 damage)
             ... on level 6 of the Dungeon.
             The game lasted 00:07:56 (7672 turns).

Illumine the Skirmisher (Ogre Fighter)              Turns: 7672, Time: 00:07:57

Health: 0/87       AC:  4    Str: 29    XL:     8   Next: 97%
Magic:  11/11      EV: 12    Int: 15    God:    Cheibriados [**....]
Gold:   141        SH:  0    Dex: 14    Spells: 7/7 levels left

rFire    . . .     SeeInvis +   a - +0 giant spiked club
rCold    . . .     Faith    +   (shield currently unavailable)
rNeg     . . .     Spirit   .   u - +0 robe
rPois    .         Reflect  .   (helmet restricted)
rElec    +         Harm     .   d - +0 cloak
rCorr    .         Rampage  +   (gloves unavailable)
Will     .....                  (boots unavailable)
Stlth    +.........             t - amulet of the Briny Deep {Faith Rampage rElec SInv}
HPRegen  0.24/turn              (no ring)
MPRegen  0.12/turn              (no ring)

@: very slow
A: large, unfitting armour, tough skin 1
a: Renounce Religion, Bend Time


You were on level 6 of the Dungeon.
You worshipped Cheibriados.
Cheibriados was pleased with you.
You visited 1 branch of the dungeon, and saw 6 of its levels.
You also visited: Sewer.

You collected 141 gold pieces.

Inventory:

Hand Weapons
 a - a +0 giant spiked club (weapon)
 b - a +1 vorpal hunting sling
Missiles
 v - 66 stones (quivered)
Armour
 c - a +0 kite shield
 d - a +0 cloak (worn)
 u - a +0 robe (worn)
Jewellery
 h - a ring of ice
 t - the amulet of the Briny Deep (around neck) {Faith Rampage rElec SInv}
   (You found it on level 4 of the Dungeon)

   [amulet of faith]

   It allows you to gain divine favour quickly.
   rElec:     It insulates you from electricity.
   SInv:      It lets you see invisible.
   Rampage:   It bestows one free step when moving towards enemies.
Wands
 k - a wand of flame (35)
 r - a wand of polymorph (5)
Scrolls
 i - 2 scrolls of magic mapping
 l - a scroll of teleportation {unknown}
 m - a scroll of silence {unknown}
 o - 2 scrolls of fear
 p - a scroll of brand weapon {unknown}
 w - 2 scrolls of enchant armour
 y - a scroll of identify
Potions
 e - 6 potions of curing
 f - a potion of might
 g - a potion of brilliance
 j - 2 potions of lignification
 q - a potion of cancellation {unknown}
 s - a potion of berserk rage {unknown}
 x - a potion of resistance {unknown}


   Skills:
 + Level 7.6 Fighting
 * Level 6.6 Maces & Flails
 + Level 5.3 Dodging
 - Level 2.6 Shields
 + Level 4.8 Invocations


You had 7 spell levels left.
You didn't know any spells.
Your spell library was empty.

Dungeon Overview and Level Annotations

Branches:
Dungeon (6/15)             Temple (0/1) D:4           Sewer (visited)

Altars:
Cheibriados
Okawaru
Sif Muna
Yredelemnul

Shops:
D:1 :*

Annotations:
D:2 1 runed translucent door, Crazy Yiuf


Innate Abilities, Weirdness & Mutations

You are too large for most types of armour.
You have tough skin. (AC +1)


Message History

Cheibriados appreciates the change of pace.
Cheibriados raises the support of your attributes as your movement slows.
The adder closely misses you. The orc warrior barely misses you.
You impale the adder!!
You kill the adder!
Cheibriados appreciates the change of pace.
The orc warrior hits you from afar with a +0 halberd!
The orc warrior hits you from afar with a +0 halberd.
The orc warrior hits you with a +0 halberd!!
* * * LOW HITPOINT WARNING * * *
You see here a necrophage corpse.
You bludgeon the orc warrior!!
The orc warrior is severely wounded.
The orc warrior hits you with a +0 halberd.
* * * LOW HITPOINT WARNING * * *
You closely miss the orc warrior.
The orc warrior is severely wounded.
The orc warrior hits you with a +0 halberd!
* * * LOW HITPOINT WARNING * * *
The orc warrior barely misses you.
A phantom comes into view.
You closely miss the orc warrior.
The orc warrior is severely wounded.
The orc warrior closely misses you.
You impale the orc warrior!!
You kill the orc warrior!
Cheibriados appreciates the change of pace.
You feel much better.
You closely miss the phantom. The phantom hits you.
* * * LOW HITPOINT WARNING * * *
You hit the phantom but do no damage.
The phantom hits you but does no damage.
The phantom closely misses you.
You barely miss the phantom. The phantom misses you.
You closely miss the phantom. The phantom hits you!
* * * LOW HITPOINT WARNING * * *
The phantom hits you!
* * * LOW HITPOINT WARNING * * *
You miss the phantom. The phantom hits you.
You die...

..# #.# #.# #.####
#.#..### #......###
#.#......###
#.#'#......###
#.#@###......###
#.#.W.###......###
#.###...###......#+#
#.# ##...###......#
#.# ..##......## #.#
##......##
##......##
##......##
##......##


You could see a phantom.

Vanquished Creatures
  Purgy (Sewer)
  An orc warrior (D:6)
  A centaur (D:5)
  2 necrophages
  4 ogres
  3 scorpions (D:5)
  A water moccasin skeleton (D:5)
  5 orc priests
  A hound (D:6)
  A jelly (D:5)
  A bullfrog skeleton (D:6)
  2 centaur skeletons
  Natasha (thrice) (D:4)
  3 iguanas
  An orc wizard (D:5)
  A hound skeleton (D:5)
  A howler monkey zombie (D:5)
  3 adders
  A shadow imp (D:5)
  4 worms
  4 dart slugs
  7 orcs
  3 bats (D:1)
  4 endoplasms
  4 giant cockroaches
  4 goblins
  8 hobgoblins
  8 jackals
  6 quokkas
  7 ball pythons
  5 frilled lizards
  6 kobolds
  7 rats
113 creatures vanquished.

Vanquished Creatures (others)
  A fungus (D:2)
  4 plants (D:1)
5 creatures vanquished.

Grand Total: 118 creatures vanquished

Notes
Turn   | Place    | Note
-------+----------+-------------------------------------------
     0 | D:1      | Illumine the Ogre Fighter began the quest for the Orb.
     0 | D:1      | Reached XP level 1. HP: 24/24 MP: 1/1
    96 | D:1      | Found Sori's Assorted Antiques.
   261 | D:1      | Reached XP level 2. HP: 24/32 MP: 2/2
   745 | D:1      | Reached XP level 3. HP: 22/40 MP: 3/3
  1064 | D:1      | Found a faded altar of an unknown god.
  1217 | D:1      | Found Niun's Book Shoppe.
  1828 | D:2      | Found a snail-covered altar of Cheibriados.
  1874 | D:2      | Became a worshipper of Cheibriados the Contemplative
  2577 | D:2      | Reached XP level 4. HP: 49/49 MP: 4/4
  2667 | D:2      | Found a runed translucent door.
  2668 | D:2      | Noticed Crazy Yiuf
  2946 | D:3      | Found a glowing drain.
  2977 | Sewer    | Entered a sewer
  3210 | Sewer    | Noticed Purgy
  3226 | Sewer    | Killed Purgy
  3227 | Sewer    | Reached skill level 5 in Fighting
  3227 | Sewer    | Reached skill level 1 in Invocations
  3227 | Sewer    | Reached XP level 5. HP: 27/57 MP: 4/6
  3923 | D:3      | Reached * piety under Cheibriados
  4286 | D:4      | Reached XP level 6. HP: 23/66 MP: 7/7
  4892 | D:4      | Found a staircase to the Ecumenical Temple.
  4915 | D:4      | Noticed Natasha
  4919 | D:4      | Killed Natasha
  4939 | D:4      | Reached XP level 7. HP: 71/74 MP: 7/9
  5014 | D:4      | Identified the amulet of the Briny Deep {Faith Rampage
                  | rElec SInv}
  5103 | D:4      | Reached skill level 6 in Fighting
  5421 | D:4      | Noticed Natasha
  5431 | D:4      | Killed Natasha
  5432 | D:4      | Reached skill level 5 in Maces & Flails
  5437 | D:4      | Noticed Natasha
  5440 | D:4      | Killed Natasha
  6037 | D:5      | Entered Level 5 of the Dungeon
  6156 | D:5      | Reached XP level 8. HP: 66/84 MP: 10/10
  6254 | D:5      | Reached ** piety under Cheibriados
  6604 | D:5      | Found a basalt altar of Yredelemnul.
  6604 | D:5      | Found an iron altar of Okawaru.
  7030 | D:5      | Reached skill level 7 in Fighting
  7034 | D:5      | Reached skill level 5 in Dodging
  7478 | D:5      | Found a shimmering blue altar of Sif Muna.
  7664 | D:6      | HP: 2/87 [orc warrior (10)]
  7672 | D:6      | Slain by a phantom

Illustrated notes

Levels and vault maps discovered:
D:1:      sevenhm_arrival_forest_fort_small_3, layout_basic,
          chequers_ecumenical_altar_lobes, serial_shops,
          nicolae_shop_waterfront, shop, minmay_misc_feat_more_columns
D:2:      layout_basic, basic_altar, minivault_25, minmay_pentomino_z2,
          uniq_crazy_yiuf_cottage
D:3:      layout_loops_corners, portal_sewer_entry_f
D:4:      layout_basic, minmay_temple_entry_enclosed_plants, uniq_natasha
D:5:      layout_rooms, led_sif_pool,
          chequers_temple_overflow_statue_of_worship, minmay_diced_spiral
D:6:      minmay_razor_zed, layout_basic, serial_shops, shop, enter_ossuary_1,
          minmay_fire_ice_demons

Skill      XL: |  1  2  3  4  5  6  7  8 |
---------------+-------------------------+-----
Maces & Flails | 2 3 4 5 6 |  6.6
Dodging        | 3 4 5 |  5.3
Fighting       | 5 6 7 |  7.6
Invocations    | 1 2 3 4 |  4.8
Shields        | |  2.6

Action                   |  1- 3 |  4- 6 |  7- 9 || total
-------------------------+-------+-------+-------++-------
Melee: Flail             |   148 |   117 |       ||   265
       Giant spiked club |       |    25 |   113 ||   138
       Unarmed           |       |     3 |     1 ||     4
 Fire: Hunting sling     |       |       |     1 ||     1
  Use: Potion            |       |     3 |     1 ||     4
       Scroll            |       |     5 |     3 ||     8
 Stab: Sleeping          |       |     1 |     1 ||     2
Armor: Robe              |    46 |    28 |    37 ||   111
       Skin              |       |     1 |       ||     1
Dodge: Dodged            |    67 |    62 |    86 ||   215
Block: Kite shield       |    81 |    66 |       ||   147

Table legend: (Time is in decaauts)
 A = Elapsed time spent in this place.
 B = Non-inter-level travel time spent in this place.
 C = Inter-level travel time spent in this place.
 D = Time resting spent in this place.
 E = Time spent auto-exploring this place.
 F = Levels seen in this place.
 G = Mean time per level.
                   A        B        C        D        E       F      G
               +--------+--------+--------+--------+--------+-----+--------+
         Total |   8980 |   8725 |    255 |   2535 |   4814 |   7 | 1282.9 |
       Dungeon |   8458 |   8203 |    255 |   2231 |   4789 |   6 | 1409.7 |
         Sewer |    521 |    521 |      0 |    304 |     24 |   1 |  521.0 |
               +--------+--------+--------+--------+--------+-----+--------+

Top non-repeatable levels by time:
     D:4: 2261 daAuts
     D:5: 1696 daAuts
     D:1: 1649 daAuts
     D:3: 1362 daAuts
     D:2: 1290 daAuts
   Sewer: 521 daAuts
     D:6: 198 daAuts
